 Dungeon Crawl Stone Soup version 0.26.1-2-gb8aa6d0cf2 (webtiles) character file.

Game seed: 3324254477030400985

4417 jlumianski the Cleaver (level 10, -2/89 HPs)
             Began as a Palentonga Fighter on Mar 3, 2021.
             Was a Priest of Okawaru.
             Slain by Harold
             ... wielding a +0 halberd
              (12 damage)
             ... on level 8 of the Dungeon on Mar 5, 2021.
             The game lasted 00:37:31 (9076 turns).

jlumianski the Cleaver (Palentonga Fighter)         Turns: 9076, Time: 00:37:31

Health: -2/89      AC: 23    Str: 28    XL:     10   Next: 14%
Magic:  8/10       EV:  8    Int: 10    God:    Okawaru [***...]
Gold:   392        SH: 13    Dex:  9    Spells: 9/9 levels left

rFire    + . .     SeeInvis +   a - +0 war axe
rCold    . . .     Faith    .   c - +0 kite shield
rNeg     . . .     Spirit   .   P - +0 plate armour
rPois    .         Reflect  .   q - +2 helmet
rElec    .         Harm     .   (no cloak)
rCorr    .         Rampage  .   (no gloves)
Will     .....                  (no barding)
Stlth    ..........             M - amulet of the acrobat
HPRegen  0.24/turn              C - ring of protection from fire
MPRegen  0.12/turn              x - +6 ring of strength

@: heroism, marked, curled up
A: large, rugged brown scales 3, see invisible, deformed body, roll 1, armoured
tail, reflexive curl
a: Rolling Charge, Renounce Religion, Heroism


You were on level 8 of the Dungeon.
You worshipped Okawaru.
Okawaru was most pleased with you.
You visited 1 branch of the dungeon, and saw 8 of its levels.
You also visited: Sewer.

You collected 392 gold pieces.

Inventory:

Hand Weapons
 a - a +0 war axe (weapon)
 t - a +2 spear of venom
 G - a +5 mace
 I - a +4 flail of freezing
Missiles
 i - 317 stones
 n - 20 poisoned darts (quivered)
 u - a throwing net
 N - 6 boomerangs
 Q - 4 javelins
Armour
 b - a +0 scale mail
 c - a +0 kite shield (worn)
 q - a +2 helmet (worn)
 E - a +0 chain mail
 L - +0 acid dragon scales
 P - a +0 plate armour (worn)
Jewellery
 f - an uncursed ring of resist corrosion
 j - an uncursed amulet of magic regeneration
 l - an uncursed ring of protection from cold
 r - an uncursed amulet of inaccuracy
 x - a +6 ring of strength (right hand)
 B - an uncursed ring of resist corrosion
 C - a ring of protection from fire (left hand)
 M - an amulet of the acrobat (around neck)
 O - an uncursed amulet of reflection
Wands
 z - a wand of random effects (10)
 K - a wand of disintegration (11)
Scrolls
 h - a scroll of random uselessness {unknown}
 k - a scroll of fear
 p - a scroll of magic mapping
 v - a scroll of fog
 y - 7 scrolls of teleportation
 A - 3 scrolls of amnesia
 D - 7 scrolls of identify
 F - a scroll of enchant armour {unknown}
 H - a scroll of remove curse
 J - a scroll of immolation
Potions
 d - 3 potions of might
 e - a potion of resistance {unknown}
 g - 2 potions of heal wounds
 m - 2 potions of flight
 o - 6 potions of curing
 s - a potion of degeneration
 w - 2 potions of ambrosia {unknown}


   Skills:
 + Level 6.3(11.3) Fighting
 + Level 9.2(14.2) Axes
 + Level 2.1(7.1) Throwing
 + Level 5.5(10.5) Armour
 + Level 2.5(7.5) Dodging
 + Level 0.6(5.6) Stealth
 + Level 6.3(11.3) Shields
 + Level 0.2 Invocations
 + Level 0.3 Evocations


You had 9 spell levels left.
You didn't know any spells.
Your spell library contained the following spells:

 Spells                   Type           Power        Failure   Level
 Shock                    Conj/Air       0%           96%         1
 Swiftness                Air            0%           99%         2
 Static Discharge         Conj/Air       0%           100%        3
 Airstrike                Air            0%           100%        4
 Lightning Bolt           Conj/Air       0%           100%        5


Dungeon Overview and Level Annotations

Branches:
Dungeon (8/15)             Temple (0/1) D:7           Sewer (visited)
   Lair: D:8-11

Altars:
Makhleb
Okawaru
Qazlal
Uskayaw
Vehumet
Xom
The Shining One

Annotations:
D:8 Harold


Innate Abilities, Weirdness & Mutations

You are completely covered in rugged brown scales. (AC +3, +7% HP)
You have supernaturally acute eyesight. (SInv)
Armour fits poorly on your strangely shaped body.
You can roll at nearby foes to attack.
You have a long armoured tail.
You curl defensively after being hit.


Message History

Harold gestures at you while chanting. The mark upon you grows brighter.
You gain the combat prowess of a mighty hero.
Harold hits you with a +0 halberd.
You hit Harold but do no damage.
Harold is moderately wounded.
You slash Harold!
Harold is heavily wounded.
Harold hits you with a +0 halberd!
* * * LOW HITPOINT WARNING * * *
You hit Harold.
Harold is heavily wounded.
Harold hits you with a +0 halberd!
* * * LOW HITPOINT WARNING * * *
You slice Harold!!
Harold is almost dead.
You slash Harold!
Harold is almost dead.
Harold hits you with a +0 halberd!
You die...

####### ########
......# #..$...#
......# #.....!####
......# #.........#
......# #.........#
......# #.........#
......######...@@....#
#######...##.........#
# #...##.........# ##
#...#####......# .#
#...# #.....##
.######...#####.....##
....รท.................
.#########.####........
..# #.# #..######


You could see Harold.

Vanquished Creatures
  A two-headed ogre (D:8)
  Prince Ribbit (D:8)
  6 yaks
  An acid dragon (D:7)
  A water moccasin (D:7)
  A phantom (D:6)
  An orc warrior (D:8)
  An eye of draining (D:8)
  A sky beast (D:8)
  2 ogres
  A centaur (D:7)
  2 bullfrogs
  3 big kobolds (Sewer)
  6 howler monkeys
  11 wights
  2 jellies
  4 hounds
  3 centaur skeletons
  3 orc wizards
  4 worker ants
  A hound zombie (D:6)
  A mummy (D:5)
  A worker ant zombie (D:5)
  3 gnolls (D:7)
  18 adders
  2 river rats (D:4)
  2 shadow imps
  5 white imps
  3 ufetubi (D:5)
  3 oozes
  An adder skeleton (D:7)
  2 dart slugs (D:1)
  3 worms
  5 leopard geckos
  10 orcs
  4 giant cockroaches
  6 goblins
  10 hobgoblins
  17 jackals
  8 kobolds
  4 quokkas
  6 ball pythons
  4 bats
  6 frilled lizards
  19 rats
199 creatures vanquished.

Notes
Turn   | Place    | Note
-------+----------+-------------------------------------------
     0 | D:1      | jlumianski the Palentonga Fighter began the quest for the
                  | Orb.
     0 | D:1      | Reached XP level 1. HP: 20/20 MP: 1/1
    87 | D:1      | Reached XP level 2. HP: 23/27 MP: 2/2
   611 | D:1      | Reached XP level 3. HP: 22/33 MP: 3/3
  1062 | D:2      | Found a hide-covered altar of Uskayaw.
  1224 | D:2      | Found a glowing golden altar of the Shining One.
  1449 | D:2      | Reached XP level 4. HP: 38/40 MP: 4/4
  1566 | D:2      | Reached skill level 1 in Dodging
  1955 | D:3      | You fall into a shaft and drop 2 floors!
  1955 | D:5      | Entered Level 5 of the Dungeon
  2293 | D:4      | Reached XP level 5. HP: 45/48 MP: 5/5
  2330 | D:4      | Reached skill level 3 in Axes
  2342 | D:4      | Found a glowing drain.
  2348 | Sewer    | Entered a sewer
  2519 | Sewer    | Reached XP level 6. HP: 13/55 MP: 6/6
  2551 | Sewer    | Reached skill level 4 in Axes
  3279 | D:3      | Found a shimmering altar of Xom.
  3975 | D:4      | Gained mutation: You curl defensively after being hit.
                  | [Palentonga growth]
  3975 | D:4      | Reached XP level 7. HP: 63/63 MP: 7/7
  4684 | D:5      | Reached skill level 5 in Axes
  4821 | D:5      | Found a radiant altar of Vehumet.
  6019 | D:7      | Found an iron altar of Okawaru.
  6039 | D:7      | Became a worshipper of Warmaster Okawaru
  6219 | D:6      | Reached XP level 8. HP: 49/71 MP: 8/8
  6221 | D:6      | Reached skill level 6 in Axes
  6592 | D:6      | Found a burning altar of Makhleb.
  6745 | D:6      | Reached * piety under Okawaru
  6801 | D:7      | Found a staircase to the Ecumenical Temple.
  6853 | D:7      | Reached skill level 7 in Axes
  6881 | D:7      | Reached skill level 5 in Fighting
  7303 | D:7      | Reached ** piety under Okawaru
  7484 | D:7      | Reached XP level 9. HP: 73/79 MP: 9/9
  7629 | D:8      | Reached skill level 5 in Shields
  7655 | D:8      | Reached skill level 8 in Axes
  7670 | D:8      | Noticed Harold
  8001 | D:7      | Found a stormy altar of Qazlal.
  8278 | D:8      | Noticed a two-headed ogre
  8286 | D:8      | Killed a two-headed ogre
  8287 | D:8      | Reached skill level 5 in Armour
  8502 | D:8      | Reached *** piety under Okawaru
  8515 | D:8      | Noticed Prince Ribbit
  8548 | D:8      | Killed Prince Ribbit
  8674 | D:8      | Reached skill level 1 in Throwing
  8692 | D:8      | Reached XP level 10. HP: 37/89 MP: 10/10
  8724 | D:7      | Reached skill level 9 in Axes
  8967 | D:7      | Received a gift from Okawaru
  9076 | D:8      | Slain by Harold

Illustrated notes

Levels and vault maps discovered:
D:1:      tarquinn_simple_flora_water_b, layout_basic,
          chequers_serial_rivers_micro_e
D:2:      layout_basic, tso_altar, eat_drink_and_be_merry_uskayaw
D:3:      layout_rooms, brannock_xom_greatest_gift, lightli_corner_chamber
D:4:      layout_basic, lightli_sewer_entry_pipes
D:5:      layout_basic, vehumet_crystals, gup_ossuary_entry_pyramid
D:6:      layout_basic, marbit_many_paths, minmay_hedge_maze
D:7:      layout_cave_pools, lemuel_crystal_altar, temple_pool_b,
          grunt_decor_junction, minmay_misc_feat_columns,
          nicolae_qazlal_style_of_elements
D:8:      layout_basic, nicolae_overflow_hidden_temple, minmay_the_grid_2x2
          [minmay_the_grid_pillar_ring, minmay_the_grid_minigrid_small_alt,
          minmay_the_grid_doors, minmay_the_grid_prize_big_room], uniq_harold,
          uniq_maggie, uniq_erica, uniq_prince_ribbit1

Skill      XL: |  1  2  3  4  5  6  7  8  9 10 |
---------------+-------------------------------+-----
Dodging        | 1 2 |  2.5
Armour         | 3 4 5 |  5.5
Shields        | 3 4 6 |  6.3
Axes           | 3 4 5 7 8 9 |  9.2
Fighting       | 4 5 6 |  6.3
Throwing       | 2 |  2.1
Stealth        | |  0.6
Invocations    | |  0.2
Evocations     | |  0.3

Action                   |  1- 3 |  4- 6 |  7- 9 | 10-12 || total
-------------------------+-------+-------+-------+-------++-------
Melee: War axe           |   116 |   195 |   324 |    35 ||   670
       Tailslap          |    10 |    20 |    54 |     7 ||    91
Throw: Dart              |     1 |     3 |    12 |       ||    16
Invok: Heroism           |       |       |     1 |     1 ||     2
 Abil: Rolling Charge    |    23 |    22 |    18 |     1 ||    64
Evoke: Wand              |       |       |       |     1 ||     1
  Use: Scroll            |     3 |     1 |    10 |       ||    14
       Potion            |       |       |     4 |       ||     4
Armor: Scale mail        |    61 |    88 |       |       ||   149
       Chain mail        |       |     1 |   150 |       ||   151
       Plate armour      |       |       |     9 |    34 ||    43
Dodge: Dodged            |    13 |    62 |    92 |    10 ||   177
Block: Kite shield       |    57 |   108 |   205 |    32 ||   402
